SL
PHILADELPHIA 1776 BC @ FT. WORTH CATTLEMEN
04/24/2032
 
TOP OF THE 1ST
Philadelphia 1776 BC batting - Pitching for Ft. Worth Cattlemen : RHP Jorge Castillo
Pitching: RHP Jorge Castillo
Batting: LHB José Rodríguez 0-0: Called Strike
0-1: Ground out 4-3 (Groundball, 4S)
Batting: RHB Mario Castillo 0-0: Ball
1-0: Ball
2-0: Called Strike
2-1: Fly out, F7 (Flyball, 7S)
Batting: LHB Manoo Satyavrat 0-0: Ball
1-0: Foul Ball, location: 2F
1-1: Foul Ball, location: 2F
1-2: Fly out, F8 (Flyball, 8LS)
Top of the 1st over - 0 runs, 0 hits, 0 errors, 0 left on base; Philadelphia 1776 0 - Ft. Worth 0
BOTTOM OF THE 1ST
Ft. Worth Cattlemen batting - Pitching for Philadelphia 1776 BC : RHP Jay Mahabir
Pitching: RHP Jay Mahabir
Batting: LHB Jesús Morales 0-0: Called Strike
0-1: Foul Ball, location: 2F
0-2: Foul Ball, location: 2F
0-2: Fly out, F8 (Flyball, 8RM)
Batting: RHB Jesús Martínez 0-0: Ball
1-0: Foul Ball, location: 2F
1-1: Foul Ball, location: 2F
1-2: Ball
2-2: Ball
3-2: SINGLE (Groundball, 56S) (infield hit)
Batting: RHB Tim Burney 0-0: Ball
1-0: Fly out, F8 (Flyball, 8RM)
Batting: RHB Rich Flannery 0-0: Ball
1-0: Ball
2-0: Called Strike
Jesús Martínez steals 2nd base
2-1: SINGLE (Line Drive, 9LS)
Jesús Martínez to third
Runner from 3rd tries for Home, SAFE, throw made home
Batting: RHB Casey Cavell 0-0: Ball
1-0: Called Strike
1-1: Swinging Strike
1-2: Foul Ball, location: 2F
1-2: Ball
2-2: Ball
Wild Pitch!
Rich Flannery to second
3-2: Strikes out swinging
Bottom of the 1st over - 1 run, 2 hits, 0 errors, 1 left on base; Philadelphia 1776 0 - Ft. Worth 1
TOP OF THE 2ND
Philadelphia 1776 BC batting - Pitching for Ft. Worth Cattlemen : RHP Jorge Castillo
Batting: SHB Sam Quint 0-0: Ball
1-0: Ball
2-0: Called Strike
2-1: Ground out 1-3 (Groundball, 13S)
Batting: RHB Eddie Sachs 0-0: Called Strike
0-1: Ball
1-1: Called Strike
1-2: Ball
2-2: Ball
3-2: Base on Balls
Batting: RHB John Schnatter 0-0: Foul Ball, location: 2F
0-1: Ball
1-1: Foul Ball, location: 2F
1-2: Fly out, F8 (Flyball, 8RS)
Batting: RHB Fernando Rivera 0-0: Ball
1-0: Ball
2-0: Ball
Wild Pitch!
Eddie Sachs to second
3-0: Called Strike
3-1: Swinging Strike
3-2: Strikes out looking
Top of the 2nd over - 0 runs, 0 hits, 0 errors, 1 left on base; Philadelphia 1776 0 - Ft. Worth 1
BOTTOM OF THE 2ND
Ft. Worth Cattlemen batting - Pitching for Philadelphia 1776 BC : RHP Jay Mahabir
Batting: LHB Nobuo Yamashita 0-0: Ball
1-0: Swinging Strike
1-1: Swinging Strike
1-2: Ball
2-2: Ball
3-2: Foul Ball, location: 2F
3-2: Strikes out looking
Batting: RHB Dave Sienna 0-0: Ball
1-0: Ball
2-0: Called Strike
2-1: Foul Ball, location: 2F
2-2: Strikes out swinging
Batting: RHB Vincent Vega 0-0: Ball
1-0: Foul Ball, location: 2F
1-1: Fly out, F9 (Flyball, 89M)
Bottom of the 2nd over - 0 runs, 0 hits, 0 errors, 0 left on base; Philadelphia 1776 0 - Ft. Worth 1
TOP OF THE 3RD
Philadelphia 1776 BC batting - Pitching for Ft. Worth Cattlemen : RHP Jorge Castillo
Batting: RHB Kent Summey 0-0: Ball
1-0: Foul Ball, location: 2F
1-1: Foul Ball, location: 2F
1-2: Strikes out looking
Batting: RHB Mikko Haataja 0-0: Ball
1-0: Swinging Strike
1-1: Ball
2-1: Ball
3-1: Foul Ball, location: 2F
3-2: Foul Ball, location: 2F
3-2: SINGLE (Groundball, 56D)
Batting: LHB José Rodríguez 0-0: Ball
1-0: Called Strike
1-1: Foul Ball, location: 2F
1-2: Ball
2-2: Grounds into double play, 5-4-3 (Groundball, 56)
Top of the 3rd over - 0 runs, 1 hit, 0 errors, 0 left on base; Philadelphia 1776 0 - Ft. Worth 1
BOTTOM OF THE 3RD
Ft. Worth Cattlemen batting - Pitching for Philadelphia 1776 BC : RHP Jay Mahabir
Batting: SHB Robby Day 0-0: Foul Ball, location: 2F
0-1: Ball
1-1: Foul Ball, location: 2F
1-2: Ball
2-2: Ball
3-2: Base on Balls
Batting: LHB Jesús Morales 0-0: Ball
1-0: Reached on error, E5 (Groundball, 15S)
Robby Day to second
Batting: RHB Jesús Martínez 0-0: Called Strike
0-1: Foul Ball, location: 2F
0-2: Ball
1-2: Strikes out swinging
Batting: RHB Tim Burney 0-0: Ball
1-0: Swinging Strike
1-1: Swinging Strike
1-2: Foul Ball, location: 2F
1-2: Grounds into double play, 6-4-3 (Groundball, 56)
Bottom of the 3rd over - 0 runs, 0 hits, 1 error, 1 left on base; Philadelphia 1776 0 - Ft. Worth 1
TOP OF THE 4TH
Philadelphia 1776 BC batting - Pitching for Ft. Worth Cattlemen : RHP Jorge Castillo
Batting: RHB Mario Castillo 0-0: Fly out, F7 (Flyball, 78M)
Batting: LHB Manoo Satyavrat 0-0: Ball
1-0: Swinging Strike
1-1: Swinging Strike
1-2: Foul Ball, location: 2F
1-2: Ball
2-2: Ball
3-2: Foul Ball, location: 2F
3-2: Foul Ball, location: 2F
3-2: Foul Ball, location: 2F
3-2: Foul Ball, location: 2F
3-2: Base on Balls
Batting: SHB Sam Quint 0-0: Called Strike
0-1: Ball
1-1: Fly out, F3 (Popup, 3F)
Batting: RHB Eddie Sachs 0-0: Called Strike
0-1: Ball
1-1: Ball
2-1: Fly out, F7 (Flyball, 7S)
Top of the 4th over - 0 runs, 0 hits, 0 errors, 1 left on base; Philadelphia 1776 0 - Ft. Worth 1
BOTTOM OF THE 4TH
Ft. Worth Cattlemen batting - Pitching for Philadelphia 1776 BC : RHP Jay Mahabir
Batting: RHB Rich Flannery 0-0: Ball
1-0: Ball
2-0: Ball
3-0: Called Strike
3-1: Swinging Strike
3-2: Strikes out swinging
Batting: RHB Casey Cavell 0-0: Foul Ball, location: 2F
0-1: Ball
1-1: Foul Ball, location: 2F
1-2: Ball
2-2: Ball
3-2: Strikes out swinging
Batting: LHB Nobuo Yamashita 0-0: Called Strike
0-1: Swinging Strike
0-2: Strikes out swinging
Bottom of the 4th over - 0 runs, 0 hits, 0 errors, 0 left on base; Philadelphia 1776 0 - Ft. Worth 1
TOP OF THE 5TH
Philadelphia 1776 BC batting - Pitching for Ft. Worth Cattlemen : RHP Jorge Castillo
Pitching: LHP Jason Horne
Batting: RHB John Schnatter 0-0: Swinging Strike
0-1: Ball
1-1: Foul Ball, location: 2F
1-2: SOLO HOME RUN (Flyball, 7D), Distance : 391 ft
Batting: RHB Fernando Rivera 0-0: Called Strike
0-1: Ball
1-1: Foul Ball, location: 2F
1-2: Strikes out swinging
Batting: RHB Kent Summey 0-0: Called Strike
0-1: Ground out 6-3 (Groundball, 6)
Batting: RHB Mikko Haataja 0-0: Ball
1-0: Called Strike
1-1: Called Strike
1-2: Strikes out swinging
Top of the 5th over - 1 run, 1 hit, 0 errors, 0 left on base; Philadelphia 1776 1 - Ft. Worth 1
BOTTOM OF THE 5TH
Ft. Worth Cattlemen batting - Pitching for Philadelphia 1776 BC : RHP Jay Mahabir
Pitching: LHP Pedro Garza
Batting: RHB Dave Sienna 0-0: Foul Ball, location: 2F
0-1: Ball
1-1: Ball
2-1: Called Strike
2-2: Strikes out swinging
Batting: RHB Vincent Vega 0-0: Foul Ball, location: 2F
0-1: Swinging Strike
0-2: Ball
1-2: Foul Ball, location: 2F
1-2: Ground out 6-3 (Groundball, 56)
Batting: SHB Robby Day 0-0: Called Strike
0-1: Reached on error, E5 (Groundball, 56S)
Batting: LHB Jesús Morales 0-0: Ground out U3 (Groundball, 3)
Bottom of the 5th over - 0 runs, 0 hits, 1 error, 1 left on base; Philadelphia 1776 1 - Ft. Worth 1
TOP OF THE 6TH
Philadelphia 1776 BC batting - Pitching for Ft. Worth Cattlemen : LHP Jason Horne
Batting: LHB José Rodríguez 0-0: Called Strike
0-1: Foul Ball, location: 2F
0-2: Ball
1-2: Reached via error on a dropped throw, E1
Batting: RHB Mario Castillo 0-0: Bunt missed!
0-1: Bunt missed!
0-2: Ball
1-2: SINGLE (Groundball, 56D)
José Rodríguez to second
Batting: LHB Manoo Satyavrat 0-0: Ball
1-0: Ball
2-0: Foul Ball, location: 2F
2-1: Foul Ball, location: 2F
2-2: Foul Ball, location: 2F
2-2: Fielders Choice at 2nd, 4-6 (Groundball, 4)
José Rodríguez to third
Pitching: RHP Daniel Martínez
Batting: SHB Sam Quint 0-0: Ball
1-0: Foul Ball, location: 2F
1-1: Ball
2-1: Ball
3-1: SINGLE (Groundball, 3D)
José Rodríguez scores
Manoo Satyavrat to second
Runner from 2nd tries for 3rd, SAFE, no throw
Batting: RHB Eddie Sachs 0-0: Ball
1-0: Swinging Strike
1-1: Ball
2-1: Fly out, F5 (Popup, 25F)
Batting: RHB John Schnatter 0-0: Ball
1-0: Called Strike
1-1: Ball
2-1: Ball
3-1: Base on Balls
Sam Quint to second
Batting: RHB Fernando Rivera 0-0: Called Strike
0-1: Fly out, F9 (Flyball, 9LM)
Top of the 6th over - 1 run, 2 hits, 1 error, 3 left on base; Philadelphia 1776 2 - Ft. Worth 1
BOTTOM OF THE 6TH
Ft. Worth Cattlemen batting - Pitching for Philadelphia 1776 BC : LHP Pedro Garza
Batting: RHB Jesús Martínez 0-0: Called Strike
0-1: Ball
1-1: Called Strike
1-2: Ball
2-2: Fly out, F9 (Flyball, 9D)
Batting: RHB Tim Burney 0-0: Called Strike
0-1: Called Strike
0-2: Ball
1-2: Fly out, F8 (Flyball, 8LM)
Batting: RHB Rich Flannery 0-0: Ground out 4-3 (Groundball, 34)
Bottom of the 6th over - 0 runs, 0 hits, 0 errors, 0 left on base; Philadelphia 1776 2 - Ft. Worth 1
TOP OF THE 7TH
Philadelphia 1776 BC batting - Pitching for Ft. Worth Cattlemen : RHP Daniel Martínez
Batting: RHB Kent Summey 0-0: Called Strike
0-1: Swinging Strike
0-2: Ball
1-2: Strikes out swinging
Batting: RHB Mikko Haataja 0-0: Called Strike
0-1: Ball
1-1: Ball
2-1: Foul Ball, location: 2F
2-2: Ball
3-2: Strikes out swinging
Pinch Hitting: LHB Kelvin Abbott 0-0: Fly out, F9 (Line Drive, 9)
Top of the 7th over - 0 runs, 0 hits, 0 errors, 0 left on base; Philadelphia 1776 2 - Ft. Worth 1
BOTTOM OF THE 7TH
Ft. Worth Cattlemen batting - Pitching for Philadelphia 1776 BC : LHP Pedro Garza
Now in LF: Kelvin Abbott
Batting: RHB Casey Cavell 0-0: Ball
1-0: Ground out 6-3 (Groundball, 6M)
Batting: LHB Nobuo Yamashita 0-0: Ground out 5-3 (Groundball, 5L)
Batting: RHB Dave Sienna 0-0: Ball
1-0: Foul Ball, location: 2F
1-1: DOUBLE (Line Drive, 7D)
Pinch Hitting: RHB Bart Lewis 0-0: Ball
1-0: Ball
2-0: Swinging Strike
2-1: Ball
3-1: Foul Ball, location: 2F
3-2: Base on Balls
Batting: SHB Robby Day 0-0: SINGLE (Groundball, 34D)
Dave Sienna to third
Bart Lewis to second
Runner from 3rd tries for Home, throw and OUT!
Bottom of the 7th over - 0 runs, 2 hits, 0 errors, 2 left on base; Philadelphia 1776 2 - Ft. Worth 1
TOP OF THE 8TH
Philadelphia 1776 BC batting - Pitching for Ft. Worth Cattlemen : RHP Daniel Martínez
Now at 2B: Javier Vázquez
Batting: RHB Mario Castillo 0-0: Ball
1-0: Called Strike
1-1: Swinging Strike
1-2: Foul Ball, location: 2F
1-2: Foul Ball, location: 2F
1-2: Strikes out swinging
Batting: LHB Manoo Satyavrat 0-0: Ball
1-0: Fly out, F7 (Flyball, 78D)
Pinch Hitting: RHB Phil Moore 0-0: Ball
1-0: Foul Ball, location: 2F
1-1: Swinging Strike
1-2: Strikes out swinging
Top of the 8th over - 0 runs, 0 hits, 0 errors, 0 left on base; Philadelphia 1776 2 - Ft. Worth 1
BOTTOM OF THE 8TH
Ft. Worth Cattlemen batting - Pitching for Philadelphia 1776 BC : LHP Pedro Garza
Now at 2B: Phil Moore
Batting: RHB Yifu Chen 0-0: Ball
1-0: SINGLE (Line Drive, 4MD)
Pinch Runner at 1st Chris Etheridge:
Batting: RHB Jesús Martínez 0-0: Bunted foul
0-1: Ball
1-1: Ball
2-1: Ball
3-1: Bunted foul
3-2: Ground out 6-3 (Groundball, 6D)
Chris Etheridge to second
Batting: RHB Tim Burney 0-0: DOUBLE (Line Drive, 89D)
Chris Etheridge scores
Pinch Hitting: RHB Gilberto Juárez 0-0: Intentional Walk
Pinch Hitting: LHB Rick Mayfield 0-0: Called Strike
0-1: Ball
1-1: Ball
2-1: Foul Ball, location: 2F
2-2: Ground out 4-3 (Groundball, 34D)
Tim Burney to third
Gilberto Juárez to second
Pinch Hitting: SHB Roberto Mosca 0-0: Ball
1-0: Foul Ball, location: 2F
1-1: Ground out 5-3 (Groundball, 56)
Bottom of the 8th over - 1 run, 2 hits, 0 errors, 2 left on base; Philadelphia 1776 2 - Ft. Worth 2
TOP OF THE 9TH
Philadelphia 1776 BC batting - Pitching for Ft. Worth Cattlemen : RHP Daniel Martínez
Pitching: RHP Nicholas Wells
Now at 1B: Gilberto Juárez
Now in LF: Roberto Mosca
Now in RF: Rick Mayfield
Pinch Hitting: RHB Karl Blanke 0-0: Called Strike
0-1: Foul Ball, location: 2F
0-2: Fly out, F7 (Line Drive, 78S)
Pinch Hitting: RHB Kevin Malone 0-0: Ground out 5-3 (Groundball, 56)
Batting: RHB Fernando Rivera 0-0: Called Strike
0-1: Ball
1-1: Ball
2-1: Called Strike
2-2: Strikes out swinging
Top of the 9th over - 0 runs, 0 hits, 0 errors, 0 left on base; Philadelphia 1776 2 - Ft. Worth 2
BOTTOM OF THE 9TH
Ft. Worth Cattlemen batting - Pitching for Philadelphia 1776 BC : LHP Pedro Garza
Now at C: Kevin Malone
Now at 1B: Karl Blanke
Batting: RHB Dave Sienna 0-0: Ball
1-0: Ball
2-0: Swinging Strike
2-1: Fly out, F8 (Line Drive, 8RD)
Batting: SHB Javier Vázquez 0-0: Called Strike
0-1: Foul Ball, location: 2F
0-2: Ball
1-2: Ball
2-2: Foul Ball, location: 2F
2-2: SINGLE (Line Drive, 89S)
Pitching: LHP Brian Brewer
Batting: SHB Robby Day 0-0: Called Strike
0-1: Swinging Strike
0-2: Fly out, F7 (Flyball, 78D)
Batting: LHB Chris Etheridge 0-0: Called Strike
0-1: Fly out, F4 (Popup, 4)
Bottom of the 9th over - 0 runs, 1 hit, 0 errors, 1 left on base; Philadelphia 1776 2 - Ft. Worth 2
TOP OF THE 10TH
Philadelphia 1776 BC batting - Pitching for Ft. Worth Cattlemen : RHP Nicholas Wells
Batting: RHB Kent Summey 0-0: Ground out 5-3 (Groundball, 56S)
Batting: RHB Mikko Haataja 0-0: Fly out, F7 (Flyball, 7S)
Batting: LHB Kelvin Abbott 0-0: Called Strike
0-1: Ground out 3-1 (Groundball, 34)
Top of the 10th over - 0 runs, 0 hits, 0 errors, 0 left on base; Philadelphia 1776 2 - Ft. Worth 2
BOTTOM OF THE 10TH
Ft. Worth Cattlemen batting - Pitching for Philadelphia 1776 BC : LHP Brian Brewer
Pitching: RHP Tony Solíz
Batting: RHB Jesús Martínez 0-0: Ball
1-0: Called Strike
1-1: Ball
2-1: Ground out 6-3 (Groundball, 56)
Batting: RHB Tim Burney 0-0: Ball
1-0: Ball
2-0: Ball
3-0: Called Strike
3-1: Base on Balls
Batting: RHB Gilberto Juárez 0-0: Ball
1-0: Foul Ball, location: 2F
1-1: Ball
2-1: SINGLE (Flyball, 7S)
Tim Burney to second
Batting: LHB Rick Mayfield 0-0: Swinging Strike
0-1: Swinging Strike
0-2: SINGLE (Line Drive, 89S)
Tim Burney to third
Gilberto Juárez to second
Runner from 3rd tries for Home, SAFE, no throw
Wednesday, September 19th, 2018 - OOTP Baseball 18.8 Build 76